 Dungeon Crawl Stone Soup version 0.25.0-9-g26727b657a (webtiles) character file.

Game seed: 9022281645523497527

67 josefk the Cutter (level 4, 0/29 HPs)
             Began as a Halfling Assassin on June 17, 2020.
             Slain by an orc
             ... wielding a +0 trident
              (1 damage)
             ... on level 2 of the Dungeon.
             The game lasted 00:02:44 (1219 turns).

josefk the Cutter (Halfling Assassin)               Turns: 1219, Time: 00:02:45

Health: 0/29       AC:  8    Str: 12    XL:     4   Next: 40%
Magic:  4/4        EV: 14    Int:  9    God:
Gold:   53         SH:  0    Dex: 16    Spells: 3/3 levels left

rFire    + . .     SeeInvis .   a - +2 dagger
rCold    . . .     Gourm    .   (shield restricted)
rNeg     . . .     Faith    .   b - +0 robe
rPois    .         Spirit   .   (no helmet)
rElec    .         Reflect  .   c - +0 cloak
rCorr    .         Harm     .   k - +0 pair of gloves
MR       .....                  (no boots)
Stlth    +++.......             (no amulet)
HPRegen  0.09/turn              g - ring of protection from fire
MPRegen  0.09/turn              j - +4 ring of protection

@: lethally poisoned (0 -> -6)
A: small, mutation resistance 1
a: no special abilities


You were on level 2 of the Dungeon.
You were not hungry.

You visited 1 branch of the dungeon, and saw 2 of its levels.

You collected 53 gold pieces.

Inventory:

Hand Weapons
 a - a +2 dagger (weapon)
 h - a +0 hunting sling
Missiles
 d - 4 poisoned darts (quivered)
 e - a curare-tipped dart
Armour
 b - a +0 robe (worn)
 c - a +0 cloak (worn)
 k - a +0 pair of gloves (worn)
Jewellery
 g - a ring of protection from fire (left hand)
 j - a +4 ring of protection (right hand)
 o - a +6 ring of intelligence
Scrolls
 l - a scroll of enchant weapon {unknown}
 n - a scroll of enchant armour {unknown}
 r - a scroll of magic mapping {unknown}
Potions
 p - a potion of lignification {unknown}
 q - a potion of flight {unknown}
 s - a potion of curing {unknown}
 t - a potion of heal wounds {unknown}
Comestibles
 f - 5 rations
 i - 3 chunks of flesh


   Skills:
 - Level 1.7 Fighting
 + Level 5.2 Short Blades
 - Level 2.0 Throwing
 - Level 1.1 Dodging
 - Level 4.3 Stealth


You had 3 spell levels left.
You didn't know any spells.
Your spell library was empty.

Dungeon Overview and Level Annotations

Branches:
Dungeon (2/15)

Altars:
Yredelemnul


Innate Abilities, Weirdness & Mutations

You are small and have problems with some larger weapons.
You are somewhat resistant to further mutation.


Message History

You have reached level 4!
The orc priest mumbles some strange prayers to Beogh against you.
Beogh smites you! The adder barely misses you.
The orc throws a boomerang.
The boomerang hits you.
* * * LOW HITPOINT WARNING * * *
The weapon returns to the orc!
Unknown command.
You closely miss the adder. The adder bites you but does no damage.
The kobold hits you.
* * * LOW HITPOINT WARNING * * *
Okay, then.
It was a potion of mutation.
You feel extremely strange.
You feel less confused. The adder bites you.
* * * LOW HITPOINT WARNING * * *
You are lethally poisoned!
The adder poisons you! The kobold hits you but does no damage.
The adder barely misses you. The orc hits you but does no damage.
The orc hits you from afar with a +0 trident.
You die...

#............
#..(.........
#............
##......(.....
####.............
#........(P.P.#..
#..###.oo..._..#
. .. #oSK..P.P.#
#.@.........
#######..... .###
#


You could see an orc priest (poisoned, slow), an adder, 2 orcs and a kobold.

Vanquished Creatures
  An orc wizard (D:2)
  An adder (D:2)
  A leopard gecko (D:1)
  An orc (D:1)
  2 giant cockroaches (D:1)
  3 goblins (D:1)
  5 hobgoblins (D:1)
  4 bats (D:1)
  4 frilled lizards (D:1)
  6 kobolds (D:1)
  5 rats (D:1)
33 creatures vanquished.

Vanquished Creatures (others)
  4 toadstools (D:1)
4 creatures vanquished.

Grand Total: 37 creatures vanquished

Notes
Turn   | Place    | Note
-------+----------+-------------------------------------------
     0 | D:1      | josefk the Halfling Assassin began the quest for the Orb.
     0 | D:1      | Reached XP level 1. HP: 14/14 MP: 1/1
   136 | D:1      | Reached skill level 3 in Short Blades
   184 | D:1      | Reached XP level 2. HP: 19/19 MP: 2/2
   484 | D:1      | Reached skill level 4 in Short Blades
   484 | D:1      | Reached XP level 3. HP: 24/24 MP: 3/3
  1007 | D:2      | Found a basalt altar of Yredelemnul.
  1216 | D:2      | Reached skill level 5 in Short Blades
  1216 | D:2      | Reached XP level 4. HP: 18/29 MP: 4/4
  1219 | D:2      | HP: 1/29 [adder (1)]
  1219 | D:2      | Slain by an orc

Illustrated notes

Levels and vault maps discovered:
D:1:      ldierk_walled_garden_2, layout_basic
D:2:      layout_rooms, yredelemnul_altar_generic, hex_large

Skill      XL: |  1  2  3 |
---------------+----------+-----
Short Blades   | 3 4 5 |  5.2
Fighting       | |  1.7
Throwing       | |  2.0
Dodging        | |  1.1
Stealth        | |  4.3

Action                   |  1- 3 |  4- 6 || total
-------------------------+-------+-------++-------
Melee: Dagger            |   124 |     1 ||   125
Throw: Dart              |     5 |       ||     5
  Use: Potion            |       |     1 ||     1
 Stab: Sleeping          |     7 |       ||     7
  Eat: Chunk             |     1 |       ||     1
Armor: Robe              |    30 |     3 ||    33
Dodge: Dodged            |    90 |     2 ||    92
